 Dungeon Crawl Stone Soup version 0.21-a0-142-gdd972a7 (webtiles) character file.

2172 Musica the Spear-Bearer (level 9, -1/60 (62) HPs)
             Began as a Merfolk Gladiator on July 24, 2017.
             Was a Follower of Hepliaklqana.
             Slain by an orc warrior
             ... wielding a +2 antimagic flail
              (6 damage)
             ... on level 7 of the Dungeon.
             The game lasted 00:15:51 (5219 turns).

Musica the Spear-Bearer (Merfolk Gladiator)         Turns: 5219, Time: 00:15:52

HP:   -1/60 (62)    AC:  6    Str: 14    XL:     9   Next: 32%
MP:   1/9           EV: 17    Int:  8    God:    Hepliaklqana [*.....]
Gold: 373           SH:  0    Dex: 18    Spells: 8/8 levels left

rFire    . . .     SeeInvis .   h - +1 scythe
rCold    . . .     Gourm    +   (shield currently unavailable)
rNeg     . . .     Faith    .   r - +2 leather armour {MR+}
rPois    .         Spirit   .   c - +0 helmet
rElec    .         Reflect  .   (no cloak)
rCorr    .         Harm     .   (no gloves)
MR       +....                  (no boots)
Stlth    ++........             q - amulet of the gourmand
HPRegen  0.20/turn              y - ring of stealth
MPRegen  0.11/turn              (no ring)

@: no status effects
A: change form in water, swift swim, stealthy swim, reduced essence
a: Recall Ancestor, Ancestor Identity, Renounce Religion


You were on level 7 of the Dungeon.
You worshipped Hepliaklqana.
Hepliaklqana was aware of your devotion.
You were very full.

You visited 2 branches of the dungeon, and saw 8 of its levels.

You collected 373 gold pieces.

Inventory:

Hand Weapons
 a - a +0 trident
 h - a +1 scythe (weapon)
 l - a +0 shortbow
Missiles
 d - 3 throwing nets (quivered)
 w - 7 tomahawks
Armour
 c - a +0 helmet (worn)
 m - a +0 robe of resistance
 r - a +2 leather armour of magic resistance (worn)
Jewellery
 b - an uncursed amulet of faith
 n - a +3 ring of intelligence
 p - an uncursed ring of resist corrosion
 q - an amulet of the gourmand (around neck)
 y - a ring of stealth (left hand)
Wands
 u - a wand of digging (14/24)
 A - a wand of paralysis (8/24)
 C - a wand of confusion (29/48)
Scrolls
 e - 3 scrolls of teleportation
 g - 5 scrolls of identify
 k - a scroll of remove curse
 B - a scroll of enchant weapon
Potions
 i - 2 potions of flight {unknown}
 j - a potion of resistance {unknown}
 o - a potion of heal wounds {unknown}
 t - a potion of haste {unknown}
 x - 3 potions of curing
Books
 D - a book of Conjurations

   Spells                             Type                      Level
   a - Magic Dart                     Conjuration                  1
   b - Searing Ray                    Conjuration                  2
   c - Dazzling Spray                 Conjuration/Hexes            3
   d - Fulminant Prism                Conjuration/Hexes            4
   e - Force Lance                    Conjuration/Translocation    4
   f - Iskenderun's Mystic Blast      Conjuration                  4
 E - a book of Changes

   Spells                             Type                      Level
   a - Beastly Appendage              Transmutation                1
   b - Sticks to Snakes               Transmutation                2
   c - Spider Form                    Transmutation/Poison         3
   d - Ice Form                       Ice/Transmutation            4
   e - Blade Hands                    Transmutation                5
Comestibles
 f - 4 bread rations
 s - 3 meat rations
 v - 2 royal jellies
 z - a fruit


   Skills:
 + Level 6.0 Fighting
 + Level 13.5 Polearms
 + Level 2.8 Throwing
 + Level 7.7 Dodging


You had 8 spell levels left.
You didn't know any spells.

Dungeon Overview and Level Annotations

Branches:
Dungeon (7/15)             Temple (1/1) D:6

Altars:
Cheibriados
Dithmenos
Elyvilon
Fedhas
Gozag
Hepliaklqana
Kikubaaqudgha
Makhleb
Nemelex Xobeh
Okawaru
Ru
Sif Muna
Trog
Uskayaw
Wu Jian
Yredelemnul
Zin
The Shining One

Shops:
D:7 *%


Message History

You hit the orc warrior.
The orc warrior is heavily wounded.
The orc warrior completely misses you.
You closely miss the orc warrior.
The orc warrior is heavily wounded.
The orc warrior hits you with an antimagic flail!
* * * LOW HITPOINT WARNING * * *
You feel your power leaking away.
You hit the orc warrior but do no damage.
The orc warrior is heavily wounded.
The orc warrior barely misses you.
You closely miss the orc warrior.
The orc warrior is heavily wounded.
The orc warrior hits you with an antimagic flail!
* * * LOW HITPOINT WARNING * * *
The orc warrior closely misses you.
You barely miss the orc warrior.
The orc warrior is heavily wounded.
The orc warrior hits you with an antimagic flail.
You die...

#### #.. #.##
##########..#####
.....oo@R...(...#
..########..###.#
#.........# .
#............. ..
#..#####.###.#
#.####..# F# ###
.#.......# .# .#
.........# ># .#
.####....# ##
##.##


You could see the friendly Njabulo the ancestor, an orc warrior and an orc.

Vanquished Creatures
  Grinder (D:6)
  A hippogriff (D:7)
  Sigmund (D:2)
  An orc warrior (D:6)
  2 black bears (D:6)
  A phantom (D:3)
  A necrophage (D:6)
  2 ice beasts
  A centaur (D:5)
  A bullfrog (D:6)
  A scorpion (D:5)
  A wight (D:7)
  2 crimson imps
  A hound (D:4)
  An orc priest (D:4)
  A centaur skeleton (D:7)
  An iguana (D:4)
  3 orc wizards (D:4)
  A worker ant (D:5)
  6 adders
  3 oozes
  5 worms
  3 dart slugs
  2 leopard geckos
  13 orcs
  A ball python (D:2)
  2 giant cockroaches
  14 goblins
  7 hobgoblins
  15 jackals
  A quokka (D:5)
  A ball python skeleton (D:5)
  9 bats
  3 frilled lizards
  5 kobolds
  A quokka skeleton (D:7)
  6 rats
121 creatures vanquished.

Vanquished Creatures (collateral kills)
  A centaur (D:5)
  A bullfrog (D:6)
  A scorpion (D:6)
  A bullfrog skeleton (D:5)
  A hound (D:6)
  An iguana (D:5)
  A worker ant (D:5)
  A worm (D:6)
  2 giant cockroaches (D:4)
  A leopard gecko zombie (D:5)
11 creatures vanquished.

Vanquished Creatures (others)
  2 ancestors (D:6)
2 creatures vanquished.

Grand Total: 134 creatures vanquished

Notes
Turn   | Place    | Note
-------+----------+-------------------------------------------
     0 | D:1      | Musica the Merfolk Gladiator began the quest for the Orb.
     0 | D:1      | Reached XP level 1. HP: 16/16 MP: 1/1
   159 | D:1      | Reached XP level 2. HP: 22/22 MP: 2/2
   616 | D:1      | Reached skill level 5 in Polearms
   813 | D:1      | Reached XP level 3. HP: 27/27 MP: 3/3
   988 | D:2      | Reached skill level 5 in Dodging
  1273 | D:2      | Noticed Sigmund
  1293 | D:2      | Killed Sigmund
  1293 | D:2      | Reached skill level 7 in Polearms
  1293 | D:2      | Reached XP level 4. HP: 28/34 MP: 4/4
  1293 | D:2      | Reached XP level 5. HP: 33/40 MP: 5/5
  1583 | D:2      | Found a deep blue altar of Sif Muna.
  1656 | D:3      | Found a blossoming altar of Fedhas.
  1689 | D:3      | Reached XP level 6. HP: 39/47 MP: 6/6
  1815 | D:3      | Noticed a phantom
  1854 | D:3      | Killed a phantom
  1854 | D:3      | Reached skill level 8 in Polearms
  2290 | D:5      | Entered Level 5 of the Dungeon
  2290 | D:5      | Found a sparkling altar of Nemelex Xobeh.
  2300 | D:4      | Reached skill level 9 in Polearms
  2300 | D:4      | Reached XP level 7. HP: 46/52 MP: 7/7
  2762 | D:4      | Found a hazy altar of Hepliaklqana.
  2770 | D:4      | Became a worshipper of Hepliaklqana the Forgotten
  3215 | D:5      | Reached skill level 10 in Polearms
  3382 | D:5      | Reached XP level 8. HP: 31/54 MP: 8/8
  3540 | D:5      | Reached skill level 11 in Polearms
  3796 | D:6      | Noticed Grinder
  3805 | D:6      | Killed Grinder
  3815 | D:6      | Found a basalt altar of Yredelemnul.
  3849 | D:6      | Reached skill level 5 in Fighting
  3851 | D:6      | Reached skill level 12 in Polearms
  4113 | D:6      | Found a glowing silver altar of Zin.
  4134 | D:6      | Found a staircase to the Ecumenical Temple.
  4244 | Temple   | Entered the Ecumenical Temple
  4274 | Temple   | Reached * piety under Hepliaklqana
  4497 | D:6      | Reached XP level 9. HP: 61/61 MP: 9/9
  4538 | D:6      | Found a bloodstained altar of Trog.
  4555 | D:6      | Reached skill level 13 in Polearms
  4816 | D:7      | Found Xoniged's Food Shop.
  5115 | D:7      | Found an opulent altar of Gozag.
  5119 | D:7      | Found Gozag's Platinum Reserve.
  5219 | D:7      | Slain by an orc warrior

Vault maps used:
D:1:      kilobyte_arrival_exit_the_forest, serial_bayou_pond_c
D:2:      lemuel_blue_sif_altar, uniq_sigmund
D:3:      old_standard_altar
D:4:      nicolae_overflow_crystal_walls, serial_bayou, serial_bayou_lagoon_a,
          serial_bayou_shore_b, serial_bayou_pond_d, serial_bayou_shore_a,
          roderic_curled_sauvastika
D:5:      nemelex_xobeh_ov_fountains_minmay, first_bread
D:6:      kennysheep_mini_moat, minmay_temple_entry_crystal_x, basic_altar,
          trog_ov_bears_minmay, uniq_grinder
D:7:      evilmike_ruin_ashenzari, doesnt_xom_only_xom,
          nicolae_gozag_zags_fifth_avenue, serial_shops, shop, shop_fountains,
          kennysheep_mini, nicolae_shop_behind_doors, shop, solitary_fountain
Temple:   minmay_temple_curvy_loop

Skill      XL: |  1  2  3  4  5  6  7  8  9 |
---------------+----------------------------+-----
Polearms       | 5 7 9 10 12 13 | 13.5
Dodging        | 5 6 7 |  7.7
Fighting       | 3 4 5 6 |  6.0
Throwing       | |  2.8

Action                   |  1- 3 |  4- 6 |  7- 9 || total
-------------------------+-------+-------+-------++-------
Melee: Trident           |   123 |     3 |       ||   126
       Scythe            |       |   147 |   225 ||   372
Throw: Tomahawk          |       |       |     7 ||     7
       Throwing net      |       |       |     3 ||     3
  Use: Potion            |     2 |     4 |     1 ||     7
       Scroll            |       |       |     7 ||     7
 Stab: Sleeping          |     1 |     1 |     5 ||     7
       Distracted        |       |     1 |     3 ||     4
  Eat: Chunk             |     1 |     1 |    18 ||    20
       Fruit             |       |     4 |       ||     4
Armor: Leather armour    |    25 |       |    42 ||    67
       Robe              |       |    37 |     7 ||    44
Dodge: Dodged            |    82 |   185 |   232 ||   499
